 Seeded DCSS version 0.28.0-47-ge53b351184 (webtiles) character file.

Game seed: 15977887190910850027 (custom seed)

36000 NinjaNoafa the Grappler (level 13, -3/130 HPs)
             Began as a Troll Fighter on May 10, 2022.
             Was an Initiate of Gozag.
             Constricted to death by Jorgrun (15 damage)
             ... on level 14 of the Dungeon.
             The game lasted 00:28:45 (13315 turns).

NinjaNoafa the Grappler (Troll Fighter)            Turns: 13315, Time: 00:28:46

Health: -3/130     AC: 10    Str: 36    XL:     13   Next: 50%
Magic:  12/12      EV:  9    Int:  4    God:    Gozag
Gold:   1764       SH: 27    Dex: 17    Spells: 12/12 levels left

rFire   . . .      SeeInvis .     - Unarmed
rCold   . . .      Faith    .   e - +6 tower shield of the Fiddle {-Tele Str+7 Dex+4}
rNeg    . . .      Spirit   .   F - +0 robe {Will+}
rPois   .          Reflect  +   o - +1 hat {Stlth+}
rElec   .          Harm     .   B - +0 cloak {Will+}
rCorr   +          Rampage  .   (gloves unavailable)
Will    ++...      NoTele   +   (boots unavailable)
Stlth   +++.......              m - amulet of reflection
HPRegen 1.11/turn               s - +4 ring of slaying
MPRegen 0.13/turn               j - ring of resist corrosion

@: grasped by roots, slowed, constricted, very slow
A: large, unfitting armour, claws 3, regeneration 1, shaggy fur 1, tough skin 1,
iridescent scales 2, strong 1
a: Renounce Religion, Potion Petition, Call Merchant, Bribe Branch


You were on level 14 of the Dungeon.
You worshipped Gozag.
Gozag was most pleased with you.
You visited 3 branches of the dungeon, and saw 16 of its levels.

You collected 2715 gold pieces.
You spent 826 gold pieces at shops.
You paid 125 gold pieces to Gozag.

Inventory:

Missiles
 k - 13 poisoned darts (quivered)
 r - 8 boomerangs
 u - a curare-tipped dart
 x - 3 javelins
Armour
 a - a +1 robe
 e - the +6 tower shield of the Fiddle (worn) {-Tele Str+7 Dex+4}
   (You bought it in a shop on level 1 of the Dungeon)

   Str:       It affects your strength (+7).
   Dex:       It affects your dexterity (+4).
   -Tele:     It prevents most forms of teleportation.
 o - a +1 hat of stealth (worn)
 B - a +0 cloak of willpower (worn)
 F - a +0 robe of willpower (worn)
Jewellery
 h - a ring of fire
 j - a ring of resist corrosion (right claw)
 m - an amulet of reflection (around neck)
 s - a +4 ring of slaying (left claw)
 w - a +6 ring of intelligence
Wands
 b - a wand of digging (4)
 c - a wand of charming (5)
 l - a wand of mindburst (26)
 t - a wand of iceblast (5)
 v - a wand of flame (1)
Scrolls
 d - 9 scrolls of teleportation
 g - a scroll of magic mapping
 i - a scroll of noise
 n - 2 scrolls of fog
 y - a scroll of amnesia
 A - 3 scrolls of blinking
 D - 2 scrolls of immolation
 G - a scroll of holy word
Potions
 p - a potion of resistance
 q - 2 potions of mutation
 z - 2 potions of brilliance
 E - a potion of flight


   Skills:
 + Level 8.9 Fighting
 - Level 3.0 Throwing
 + Level 8.9 Dodging
 + Level 9.0 Shields
 + Level 12.1 Unarmed Combat
 * Level 7.9 Evocations


You had 12 spell levels left.
You didn't know any spells.
Your spell library contained the following spells:

 Spells                   Type           Power      Damage    Failure   Level
 Beastly Appendage        Tmut           0%         N/A       94%         1
 Freeze                   Ice            0%         1d3       94%         1
 Magic Dart               Conj           0%         1d3       94%         1
 Shock                    Conj/Air       0%         1d3       94%         1
 Call Imp                 Summ           0%         N/A       98%         2
 Ensorcelled Hibernation  Hex/Ice        0%         N/A       98%         2
 Wereblood                Tmut           0%         N/A       98%         2
 Frozen Ramparts          Ice            0%         1d2       100%        3
 Inner Flame              Hex/Fire       0%         N/A       100%        3
 Mephitic Cloud           Conj/Pois/Air  0%         N/A       100%        3
 Spider Form              Tmut/Pois      0%         N/A       100%        3
 Stone Arrow              Conj/Erth      0%         3d7       100%        3
 Summon Guardian Golem    Hex/Summ       0%         N/A       100%        3
 Swiftness                Air            0%         N/A       100%        3
 Airstrike                Air            0%         N/A       100%        4
 Anguish                  Hex/Necr       0%         N/A       100%        4
 Cause Fear               Hex            0%         N/A       100%        4
 Hailstorm                Conj/Ice       0%         3d3       100%        4
 Ice Form                 Ice/Tmut       0%         N/A       100%        4
 Leda's Liquefaction      Hex/Erth       0%         N/A       100%        4
 Summon Ice Beast         Ice/Summ       0%         N/A       100%        4
 Borgnjor's Vile Clutch   Necr/Erth      0%         N/A       100%        5
 Fireball                 Conj/Fire      0%         3d3       100%        5
 Lee's Rapid Deconstruct  Erth           0%         3d5*      100%        5
 Starburst                Conj/Fire      0%         6d3       100%        6
 Statue Form              Tmut/Erth      0%         N/A       100%        6
 Orb of Destruction       Conj           0%         9d5       100%        7
 Spellforged Servitor     Conj/Summ      0%         N/A       100%        7
 Discord                  Hex            0%         N/A       100%        8
 Ignition                 Fire           0%         3d3       100%        8
 Maxwell's Capacitive Co  Air            0%         ∞         100%        8


Dungeon Overview and Level Annotations

Branches:
Dungeon (14/15)            Temple (1/1) D:4            Lair (0/6) D:8
    Orc (1/2) D:11         Vaults (0/5) D:14

Altars:
Ashenzari
Cheibriados
Dithmenos
Elyvilon
Fedhas
Gozag
Hepliaklqana
Kikubaaqudgha
Makhleb
Nemelex Xobeh
Okawaru
Qazlal
Ru
Sif Muna
Trog
Uskayaw
Vehumet
Wu Jian
Xom
Yredelemnul
Zin
The Shining One

Shops:
D:1 :?[   D:3 *!!   D:5 =   D:9 *

Portals:
Abyss: D:5
Trove: D:12 (give +4 demon blade)

Annotations:
D:5 2 transporters, pkoi's ghost, amateur DgAr
D:14 Jorgrun


Innate Abilities, Weirdness & Mutations

You are too large for most types of armour.
You have claws for hands.
Your natural rate of healing is unusually fast.
You are covered in fur. (AC +1)
You have tough skin. (AC +1)
You are mostly covered in iridescent scales. (AC +4)
Your muscles are strong. (Str +2)


Message History

A six-headed hydra comes into view.
Jorgrun casts a spell at you. You resist with almost no effort.
The grasping roots constrict you. The freezing wraith closely misses you.
The freezing wraith hits you. Jorgrun closely misses you.
The grasping roots constrict you!
The freezing wraith completely misses you.
The freezing wraith closely misses you.
You escape the roots' grasp.
You block the freezing wraith's attack. The freezing wraith hits you!
The freezing wraith drains your vigour!
You feel as though you will be slow longer.
Jorgrun hits you with a +0 vorpal quarterstaff!
* * * LOW HITPOINT WARNING * * *
x2
Okay, then.
As you read the scroll of fear, it crumbles to dust.
You assume a fearsome visage.
Jorgrun looks frightened!
The freezing wraith is unaffected.
The six-headed hydra looks frightened!
You block the freezing wraith's attack. x2
The freezing wraith completely misses you.
The freezing wraith hits you.
* * * LOW HITPOINT WARNING * * *
The freezing wraith drains your vigour!
You feel as though you will be slow longer.
You cannot blink because you are wearing the +6 tower shield of the Fiddle {-Tele Str+7 Dex+4}.
Attack: -) Claws
Press: ? - help, Dir - move target, f - freezing wraith
Aim: a freezing wraith (heavily damaged, about 26% to evade your claws)
Okay, then.
Okay, then.
Jorgrun seems to regain his courage.
Jorgrun points at you and mumbles some strange words.
Roots burst forth from the earth!
The grasping roots grab you! The grasping roots constrict you!
* * * LOW HITPOINT WARNING * * *
You block the freezing wraith's attack. x2; The grasping roots constrict you!
* * * LOW HITPOINT WARNING * * *
The roots' grasp on you weakens, but your attempt to escape fails.
You block the freezing wraith's attack. x2; The grasping roots constrict you!
You die...
Your body crumbles into a pile of gold.

....##..............#..#...#
....'..######....^#..#.).#..
....#### #.....#....#...#
'#### ###.###...D..# .## #.#
##g..#...# ..#
#.###..#...#.. #.###
#.##.....#...# #...#
#.#W#..#...#.. ###.#
#.@#..#.$#...# ###'##
######.##.####..#. .)...#
#.........# ##. .###.#
###............. .#...#
#..........#####
##.#.###.#........#
...#.'...#........#
.#########........# .....#
#........#


You could see Jorgrun, a six-headed hydra and a freezing wraith.

Vanquished Creatures
  Gastronok (D:10)
  A rakshasa (D:11)
  A boulder beetle (D:12)
  4 vault guards (D:14)
  2 hydras
  An ogre mage (D:14)
  A catoblepas (D:13)
  4 two-headed ogres
  A death knight (D:11)
  A centaur warrior (D:13)
  A deep elf knight (D:14)
  A skeletal warrior (D:11)
  A phantasmal warrior (D:11)
  An orc knight (D:14)
  A wizard (D:14)
  A deep elf pyromancer (D:9)
  An orc sorcerer (D:14)
  10 ugly things
  A cyclops (D:13)
  A manticore (D:12)
  The ghost of AlmostDecent the Chopper, a novice GrFi (D:4)
  Maurice (D:13)
  2 gargoyles
  A komodo dragon (D:11)
  2 freezing wraiths
  3 trolls
  18 slime creatures
  2 wraiths
  A human (D:14)
  3 shadows
  12 yaks
  2 wyverns (D:7)
  Eustachio (D:4)
  21 vampire mosquitoes
  Menkaure (D:4)
  5 acid dragons
  2 water moccasins (D:7)
  An orc warrior (D:7)
  A necrophage (D:3)
  3 wolves (D:8)
  9 centaurs
  2 kobold brigands
  3 bullfrogs
  4 gnoll sergeants
  A wyvern zombie (D:8)
  2 scorpions
  A water moccasin skeleton (D:6)
  20 killer bees
  10 howler monkeys
  2 electric eels (D:8)
  3 centaur zombies
  2 jellies
  2 hounds
  A gnoll shaman (D:6)
  9 orc priests
  A centaur skeleton (D:5)
  5 iguanas
  Natasha (thrice) (D:3)
  15 orc wizards
  A killer bee zombie (D:8)
  2 hound skeletons
  A howler monkey zombie (D:5)
  7 adders
  22 gnolls
  2 white imps
  4 worms
  2 dart slugs
  49 orcs
  6 ball pythons
  4 endoplasms
  4 giant cockroaches
  9 goblins
  6 hobgoblins
  9 jackals
  2 quokkas (D:3)
  4 bats
  2 frilled lizards (D:3)
  11 kobolds
  6 rats
367 creatures vanquished.

Vanquished Creatures (collateral kills)
  An orc warrior (D:9)
  An orc priest (D:9)
2 creatures vanquished.

Grand Total: 369 creatures vanquished

Notes
Turn   | Place    | Note
-------+----------+-------------------------------------------
     0 | D:1      | NinjaNoafa the Troll Fighter began the quest for the Orb.
     0 | D:1      | Reached XP level 1. HP: 22/22 MP: 0/0
    72 | D:1      | Found a faded altar of an unknown god.
   226 | D:1      | Reached XP level 2. HP: 29/29 MP: 1/1
   263 | D:1      | Found Pogroets's Armour Shoppe.
   434 | D:1      | Found Acecsuck's Magic Scroll Emporium.
   515 | D:1      | Found Pidis's Book Emporium.
   748 | D:2      | Reached XP level 3. HP: 36/36 MP: 2/2
  1004 | D:2      | Reached skill level 3 in Unarmed Combat
  1415 | D:2      | Reached XP level 4. HP: 44/44 MP: 3/3
  1690 | D:3      | Noticed a centaur
  1704 | D:3      | Killed a centaur
  1705 | D:3      | Reached XP level 5. HP: 41/53 MP: 4/4
  1735 | D:3      | Noticed Natasha
  1741 | D:3      | Killed Natasha
  1743 | D:3      | Reached skill level 4 in Unarmed Combat
  1761 | D:3      | Found Ixtiytz's Distillery.
  1820 | D:3      | Noticed a necrophage
  1831 | D:3      | Killed a necrophage
  1832 | D:3      | Reached XP level 6. HP: 61/61 MP: 5/5
  1927 | D:3      | Noticed Natasha
  1935 | D:3      | Killed Natasha
  1966 | D:3      | Noticed Natasha
  1967 | D:3      | Found Semaonao's Distillery.
  1977 | D:3      | Found Koibaopli's Assorted Antiques.
  2208 | D:4      | Found a staircase to the Ecumenical Temple.
  2214 | Temple   | Entered the Ecumenical Temple
  2530 | D:4      | Found a runed translucent door.
  2540 | D:4      | Noticed AlmostDecent's ghost (novice GrFi)
  2611 | D:4      | Noticed Menkaure
  2622 | D:4      | Killed Menkaure
  2623 | D:4      | Reached skill level 5 in Unarmed Combat
  2673 | D:4      | Reached XP level 7. HP: 67/67 MP: 6/6
  2760 | D:4      | Noticed Eustachio
  2762 | D:4      | Gained mutation: Your body sometimes deteriorates upon
                  | taking damage. [potion of mutation]
  2763 | D:4      | Lost mutation: Your body sometimes deteriorates upon taking
                  | damage. [potion of mutation]
  2763 | D:4      | Gained mutation: Your muscles are strong. (Str +2) [potion
                  | of mutation]
  2763 | D:4      | Gained mutation: You are partially covered in iridescent
                  | scales. (AC +2) [potion of mutation]
  2763 | D:4      | Gained mutation: You are mostly covered in iridescent
                  | scales. (AC +4) [potion of mutation]
  2936 | D:4      | Got the Papyrus of Flying Stones
  3085 | D:4      | Killed Eustachio
  3343 | D:5      | Entered Level 5 of the Dungeon
  3364 | D:5      | Identified the +7 flail "Wyetuekh" {vorpal, rF- Str-4 Int+7
                  | Dex+4}
  3472 | D:5      | Found a transporter.
  3493 | D:5      | Found a one-way gate to the infinite horrors of the Abyss.
  3493 | D:5      | Noticed pkoi's ghost (amateur DgAr)
  3556 | D:5      | Reached skill level 6 in Unarmed Combat
  3556 | D:5      | Found Aguudip's Jewellery Boutique.
  3845 | D:5      | Found a transporter.
  4339 | D:3      | Killed Natasha
  4340 | D:3      | Reached XP level 8. HP: 67/78 MP: 4/7
  4483 | D:4      | Killed AlmostDecent's ghost
  4611 | D:6      | Reached skill level 1 in Evocations
  4908 | D:6      | Found a hide-covered altar of Uskayaw.
  4988 | D:6      | Found a bloodstained altar of Trog.
  5020 | D:6      | Reached skill level 1 in Throwing
  5438 | D:7      | Reached XP level 9. HP: 57/85 MP: 5/8
  5607 | D:7      | Found an ancient bone altar of Kikubaaqudgha.
  5899 | D:7      | Found a snail-covered altar of Cheibriados.
  6072 | D:7      | Reached skill level 5 in Evocations
  6072 | D:7      | Reached skill level 7 in Unarmed Combat
  6229 | D:7      | Found an opulent altar of Gozag.
  6281 | D:7      | Became a worshipper of Gozag Ym Sagoz the Greedy
  6309 | D:8      | Noticed a troll
  6312 | D:8      | Found a staircase to the Lair.
  6319 | D:8      | Killed a troll
  6325 | D:8      | Reached skill level 5 in Shields
  6393 | D:8      | Reached skill level 5 in Fighting
  6401 | D:8      | Reached skill level 5 in Dodging
  6626 | D:8      | Reached skill level 8 in Unarmed Combat
  6639 | D:8      | Reached XP level 10. HP: 51/96 MP: 6/9
  6924 | D:8      | Found an iron altar of Okawaru.
  6926 | D:8      | Found a radiant altar of Vehumet.
  6931 | D:8      | Found a sparkling altar of Nemelex Xobeh.
  6935 | D:8      | Found a shadowy altar of Dithmenos.
  6942 | D:8      | Found a shimmering altar of Xom.
  6942 | D:8      | Found a broken altar of Ashenzari.
  6948 | D:8      | Found a hazy altar of Hepliaklqana.
  6949 | D:8      | Found a glowing golden altar of the Shining One.
  7317 | D:9      | Noticed a two-headed ogre
  7328 | D:9      | Killed a two-headed ogre
  7353 | D:9      | Noticed a deep elf pyromancer
  7359 | D:9      | Killed a deep elf pyromancer
  7360 | D:9      | Reached skill level 9 in Unarmed Combat
  7782 | D:9      | Found Belauv's Serpentskin Sales.
  7827 | D:9      | Identified the +5 dagger "Hydraslayer" {freeze, *Slow
                  | Str+6}
  7944 | D:10     | Entered Level 10 of the Dungeon
  7947 | D:10     | Noticed a gargoyle
  7952 | D:10     | Killed a gargoyle
  8260 | D:10     | Noticed Gastronok
  8276 | D:10     | Killed Gastronok
  8277 | D:10     | Reached XP level 11. HP: 75/105 MP: 6/10
  8336 | D:10     | Noticed a two-headed ogre
  8342 | D:10     | Killed a two-headed ogre
  8823 | D:1      | Bought the +6 tower shield of the Fiddle {-Tele Str+7
                  | Dex+4} for 826 gold pieces
  9405 | D:11     | Found a staircase to the Orcish Mines.
  9486 | D:11     | Reached skill level 10 in Unarmed Combat
  9560 | D:11     | Noticed a rakshasa
  9569 | D:11     | Killed a rakshasa
  9960 | D:11     | Noticed a skeletal warrior
  9961 | D:11     | Noticed a phantasmal warrior
  9974 | D:11     | Killed a phantasmal warrior
  9977 | D:11     | Killed a skeletal warrior
  9988 | D:11     | Noticed a death knight
  9996 | D:11     | Killed a death knight
 10426 | Orc:1    | Entered Level 1 of the Orcish Mines
 10426 | Orc:1    | Noticed an orc sorcerer
 10553 | D:12     | Reached XP level 12. HP: 75/118 MP: 11/11
 10560 | D:12     | Noticed a two-headed ogre
 10612 | D:12     | Noticed a boulder beetle
 11038 | D:12     | Found a portal to a secret trove of treasure.
 11120 | D:12     | Killed a boulder beetle
 11163 | D:12     | Killed a two-headed ogre
 11210 | D:12     | Reached skill level 11 in Unarmed Combat
 11502 | D:13     | Noticed a centaur warrior
 11509 | D:13     | Killed a centaur warrior
 11615 | D:13     | Noticed an eight-headed hydra
 11657 | D:13     | Killed a nine-headed hydra
 11873 | D:13     | Noticed Maurice
 11892 | D:13     | Killed Maurice
 12055 | D:13     | Noticed a catoblepas
 12129 | D:13     | Noticed a two-headed ogre
 12134 | D:13     | Killed a two-headed ogre
 12213 | D:13     | Killed a catoblepas
 12401 | D:14     | Noticed a five-headed hydra
 12423 | D:14     | Killed a five-headed hydra
 12424 | D:14     | Reached XP level 13. HP: 63/128 MP: 12/12
 13031 | D:14     | Reached skill level 12 in Unarmed Combat
 13109 | D:14     | Found a gate to the Vaults.
 13304 | D:14     | Noticed Jorgrun
 13315 | D:14     | Constricted to death by Jorgrun

Illustrated notes

Levels and vault maps discovered:
D:1:      erik_arrival_blinker_ship, layout_basic, basic_ecumenical_altar,
          serial_shops, shop, nicolae_shop_hallway_plus, shop
D:2:      layout_basic
D:3:      layout_rooms, serial_shops, nicolae_square_shop,
          nicolae_shop_temple_entry_statues_fountains, nicolae_shop_trees,
          serial_bayou_pond_e, interstate_on_off, lemuel_another_geyser,
          uniq_natasha
D:4:      layout_basic, minmay_temple_entry_gardened_gates,
          ebering_ghost_reflecting_pool, uniq_menkaure, uniq_eustachio
D:5:      layout_cave_pools, gammafunk_ghost_abyssal_escape, serial_shops, shop,
          patterned_corridor
D:6:      layout_loops_ring, nicolae_overflow_hidden_temple,
          lemuel_coloured_pillars_altar
D:7:      layout_gridville, mainiacjoe_overflow_tiny_flanked,
          mainiacjoe_overflow_catwalk_spiral
D:8:      layout_loops_ring, nicolae_overflow_hallway_of_the_gods,
          erik_lair_island, hangedman_decor_riveting
D:9:      layout_rooms, guppyfry_shop_venom
D:10:     layout_roguey, uniq_gastronok
D:11:     layout_basic, hiddenorc2_lemuel, dk_noncrumbling_3
D:12:     layout_cave_pools, enter_trove_1
D:13:     layout_rooms, uniq_maurice
D:14:     layout_roguey, grunt_vaults_entry_fortified, hex_medium, uniq_jorgrun
Temple:   jpeg_temple_island
Orc:1:    layout_caves, basic_altar, mines5_lemuel, uniq_harold

Skill      XL: |  1  2  3  4  5  6  7  8  9 10 11 12 13 |
---------------+----------------------------------------+-----
Unarmed Combat | 3 4 5 6 8 9 10 11 12 | 12.1
Fighting       | 3 4 5 6 7 8 |  8.9
Dodging        | 3 4 5 6 7 8 |  8.9
Shields        | 3 4 5 6 7 8 9 |  9.0
Evocations     | 3 5 6 7 |  7.9
Throwing       | 2 3 |  3.0

Action                   |  1- 3 |  4- 6 |  7- 9 | 10-12 | 13-15 || total
-------------------------+-------+-------+-------+-------+-------++-------
Melee: Unarmed           |    98 |    83 |   244 |   454 |   109 ||   988
       Flail             |       |       |     9 |       |       ||     9
Throw: Javelin           |    19 |    13 |    18 |     7 |       ||    57
       Dart              |       |       |     2 |    20 |     2 ||    24
       Boomerang         |       |       |     2 |       |       ||     2
Evoke: Wand              |       |       |     3 |    28 |       ||    31
  Use: Potion            |       |     3 |    13 |     9 |       ||    25
       Scroll            |       |       |    15 |     6 |     3 ||    24
 Stab: Sleeping          |       |       |     1 |     1 |     3 ||     5
       Distracted        |       |       |     1 |     1 |       ||     2
       Petrified         |       |       |       |     2 |       ||     2
Armor: Robe              |    40 |    27 |   140 |   114 |     4 ||   325
       Skin              |       |       |    11 |       |       ||    11
Dodge: Dodged            |    49 |    30 |   126 |   138 |    14 ||   357
Block: Kite shield       |    43 |    36 |     8 |       |       ||    87
       Tower shield      |       |       |   235 |   587 |   112 ||   934
       Reflection        |       |       |       |    13 |    15 ||    28
